 Dungeon Crawl Stone Soup version 0.20.0-4-g10b340a (webtiles) character file.

993 joaoluisp the Skirmisher (level 7, 0/66 HPs)
             Began as a Minotaur Berserker on May 27, 2017.
             Was a Priest of Trog.
             Slain by an ice beast (21 damage)
             ... on level 6 of the Dungeon.
             The game lasted 00:15:45 (5172 turns).

joaoluisp the Skirmisher (Minotaur Berserker)       Turns: 5172, Time: 00:15:46

Health: 0/66       AC:  6    Str: 21    XL:     7   Next: 98%
Magic:  6/6        EV: 13    Int:  4    God:    Trog [***...]
Gold:   317        SH:  0    Dex: 12    Spells: 6/6 levels left

rFire    + . .     SeeInvis .   u - +3 quarterstaff (chaos)
rCold    x . .     Gourm    .   (shield currently unavailable)
rNeg     . . .     Faith    .   K - +0 ring mail
rPois    .         Spirit   .   (helmet restricted)
rElec    .         Reflect  .   v - +0 cloak
rCorr    .         Harm     .   (no gloves)
MR       .....                  (no boots)
Stlth    +.........             (no amulet)
Regen    0.3/turn               g - ring of fire
MPRegen  0.1/turn               (no ring)

@: lethally poisoned (0 -> -3)
A: retaliatory headbutt, horns 2
a: Berserk, Trog's Hand, Burn Spellbooks, Renounce Religion


You were on level 6 of the Dungeon.
You worshipped Trog.
Trog was most pleased with you.
You were not hungry.

You visited 2 branches of the dungeon, and saw 7 of its levels.
You also visited: Ossuary.

You collected 317 gold pieces.

Inventory:

Hand Weapons
 a - a +0 hand axe
 q - a +0 war axe
 u - a +3 quarterstaff of chaos (weapon)
 z - a +0 fustibalus
 F - a +2 flail of draining
 J - a +2 war axe of chopping
Armour
 b - a +0 animal skin
 v - a +0 cloak (worn)
 D - a +0 leather armour
 K - a +0 ring mail (worn)
Jewellery
 g - a ring of fire (left hand)
 l - an uncursed amulet of inaccuracy
Wands
 f - a wand of digging (22/24)
 t - a wand of random effects (28/48)
Scrolls
 e - 2 scrolls of magic mapping {unknown}
 i - a scroll of recharging
 k - 4 scrolls of teleportation
 m - a scroll of fog
 r - a scroll of enchant weapon
 s - 4 scrolls of remove curse
 y - 2 scrolls of random uselessness
 E - a scroll of blinking
 G - 2 scrolls of identify
Potions
 d - a potion of curing
 h - 3 potions of might
 j - a potion of lignification
 n - 4 potions of flight
 o - a potion of degeneration
 w - 2 potions of haste
 A - 3 potions of agility
 B - a potion of heal wounds
 H - a potion of brilliance {unknown}
Comestibles
 c - 7 bread rations
 p - a fruit
 x - 2 royal jellies
 C - a meat ration


   Skills:
 * Level 7.0 Fighting
 - Level 5.2 Axes
 + Level 6.5 Staves
 * Level 3.3 Armour
 * Level 4.3 Dodging
 - Level 0.6 Stealth


You had 6 spell levels left.
You didn't know any spells.

Dungeon Overview and Level Annotations

Branches:
Dungeon (6/15)             Temple (1/1) D:4

Altars:
Ashenzari
Dithmenos
Fedhas
Gozag
Hepliaklqana
Kikubaaqudgha
Makhleb
Nemelex Xobeh
Okawaru
Qazlal
Sif Muna
Trog
Uskayaw
Vehumet
Yredelemnul
Zin
The Shining One


Innate Abilities, Weirdness & Mutations

You reflexively headbutt those who attack you in melee.
You have a pair of horns on your head.


Message History

The ice beast hits you but does no damage.
The worker ant barely misses you.
You sock the ice beast!
You melt the ice beast.
The ice beast is heavily wounded.
The ice beast hits you.
* * * LOW HITPOINT WARNING * * *
The ice beast freezes you!
You feel a terrible chill!
* * * LOW HITPOINT WARNING * * *
The worker ant bites you.
* * * LOW HITPOINT WARNING * * *
You are poisoned.
The worker ant poisons you!
You feel much better.
You feel sick.
The worker ant bites you but does no damage.
The ice beast misses you. You furiously retaliate!
You headbutt the ice beast! You hit the ice beast.
The ice beast is almost dead.
You feel sick. The worker ant bites you. The ice beast hits you.
The ice beast freezes you!!
You feel a terrible chill!
You die...

##########
.........#
.........# ####
.........#
##....
.........##...#
.......[....#
......Y@!..#####
........a#.....#
.........#####.#
##########
#.#####
#.....###
#####...# ###.#
#.# #.###


You could see an ice beast and a worker ant.

Vanquished Creatures
  A wraith (Ossuary)
  Duvessa (D:6)
  2 centaurs (D:6)
  A bullfrog (D:6)
  A scorpion (D:4)
  Dowan (D:6)
  Crazy Yiuf (D:2)
  A hound (D:6)
  An iguana (D:5)
  Jessica (D:2)
  A worker ant (D:6)
  A hound skeleton (D:5)
  3 mummies (Ossuary)
  6 gnolls
  6 adders
  2 oozes
  3 worms
  2 dart slugs
  4 leopard geckos
  9 orcs
  5 bats
  5 giant cockroaches
  10 goblins
  6 hobgoblins
  4 jackals (D:5)
  3 quokkas
  4 frilled lizards
  A gnoll zombie (Ossuary)
  3 goblin zombies
  4 hobgoblin zombies (Ossuary)
  A jackal skeleton (D:4)
  6 kobolds
  4 kobold zombies (Ossuary)
  An orc zombie (Ossuary)
  4 rats
109 creatures vanquished.

Notes
Turn   | Place    | Note
-------+----------+-------------------------------------------
     0 | D:1      | joaoluisp the Minotaur Berserker began the quest for the Orb.
     0 | D:1      | Reached XP level 1. HP: 19/19 MP: 0/0
   217 | D:1      | Reached skill level 4 in Fighting
   238 | D:1      | Reached XP level 2. HP: 23/27 MP: 1/1
   605 | D:2      | Noticed Jessica
   610 | D:2      | Killed Jessica
   610 | D:2      | Reached XP level 3. HP: 24/34 MP: 2/2
   924 | D:2      | Reached XP level 4. HP: 27/41 MP: 3/3
  1267 | D:2      | Found a runed door.
  1399 | D:2      | Noticed Crazy Yiuf
  1404 | D:2      | Killed Crazy Yiuf
  1404 | D:2      | Reached skill level 5 in Fighting
  1518 | D:3      | Reached skill level 5 in Axes
  1608 | D:3      | Reached ** piety under Trog
  1690 | D:3      | Reached skill level 1 in Staves
  1690 | D:3      | Reached XP level 5. HP: 37/48 MP: 4/4
  2391 | D:4      | Found a sand-covered staircase.
  2409 | Ossuary  | Entered an ossuary
  2409 | Ossuary  | Noticed a wraith
  2409 | Ossuary  | Noticed a wraith
  2409 | Ossuary  | Noticed a wraith
  2938 | Ossuary  | Noticed a wraith
  2943 | Ossuary  | Killed a wraith
  2943 | Ossuary  | Reached XP level 6. HP: 30/57 MP: 5/5
  3333 | D:4      | Found a staircase to the Ecumenical Temple.
  3504 | Temple   | Entered the Ecumenical Temple
  3875 | D:4      | Reached skill level 5 in Staves
  4092 | D:4      | Reached *** piety under Trog
  4156 | D:5      | Entered Level 5 of the Dungeon
  4165 | D:5      | Reached skill level 6 in Fighting
  4166 | D:5      | Reached XP level 7. HP: 60/63 MP: 6/6
  5001 | D:6      | Noticed Dowan
  5002 | D:6      | Noticed Duvessa
  5006 | D:6      | Killed Dowan
  5010 | D:6      | Killed Duvessa
  5038 | D:6      | Found a shadowy altar of Dithmenos.
  5121 | D:6      | Reached skill level 7 in Fighting
  5172 | D:6      | Slain by an ice beast

Skill      XL: |  1  2  3  4  5  6  7 |
---------------+----------------------+-----
Fighting       | 4 5 6 7 |  7.0
Axes           | 4 5 |  5.2
Staves         | 1 4 5 6 |  6.5
Dodging        | 3 4 |  4.3
Armour         | 3 |  3.3
Stealth        | |  0.6

Action                   |  1- 3 |  4- 6 |  7- 9 || total
-------------------------+-------+-------+-------++-------
Melee: Hand axe          |    36 |       |       ||    36
       Headbutt          |     6 |    26 |     6 ||    38
       War axe           |     9 |    11 |       ||    20
       Quarterstaff      |       |   122 |    36 ||   158
Invok: Berserk           |     1 |     1 |     1 ||     3
  Use: Scroll            |       |    18 |       ||    18
       Potion            |       |     2 |     1 ||     3
 Stab: Sleeping          |       |     2 |       ||     2
       Paralysed         |       |     1 |     2 ||     3
       Distracted        |       |     1 |       ||     1
  Eat: Chunk             |     1 |     1 |     4 ||     6
       Meat ration       |       |     1 |       ||     1
       Fruit             |       |     5 |     1 ||     6
Armor: Animal skin       |     3 |    13 |       ||    16
       Leather armour    |       |     5 |     4 ||     9
       Ring mail         |       |       |     6 ||     6
Dodge: Dodged            |    34 |    81 |    33 ||   148
